Map: [ESL] Equilibrium

Players

NiCe - Winner!

  • Race: Protoss Protoss
  • League: Master
  • Spawn Location: 11:00

cyan

  • Race: Protoss Protoss
  • League: Master
  • Spawn Location: 1:00

VOD

Have the link to the VOD?

Description

Time

  • Played on: Dec. 28, 2023, 11:05 a.m.
  • Length: 5:07
Show
View Real Time Build Order
Export as new Build Order

NiCe Protoss - Winner!

Build Orders:  

Get SALT Encoding   

  12  0:00  Probe  
  13  0:12  Probe  
  14  0:17  Pylon  
  14  0:24  Probe (Chrono Boost)  
  16  0:36  Gateway, Probe (Chrono Boost)  
  16  0:41  Probe  
  16  0:46  Assimilator  
  17  0:51  Assimilator  
  17  0:55  Probe (Chrono Boost)  
  18  1:07  Probe (Chrono Boost)  
  18  1:09  Gateway  
  19  1:14  Probe (Chrono Boost)  
  20  1:21  Probe  
  20  1:24  Cybernetics Core  
  21  1:33  Probe  
  21  1:35  Pylon  
  22  1:45  Probe  
  24  2:04  Stalker x2  
  24  2:05  Warp Gate  
  24  2:07  Pylon  
  27  2:25  Robotics Facility  
  27  2:33  Stalker  
  27  2:34  Stalker  
  31  2:43  Pylon  
  31  2:45  Pylon  
  30  3:09  Immortal (Chrono Boost)  
  34  3:23  Pylon  
  32  3:28  Gateway  
  30  3:38  Immortal (Chrono Boost)  
  34  3:54  Sentry, Adept  
  38  4:08  Immortal (Chrono Boost)  
  40  4:20  Adept x2  
  42  4:26  Adept  
  44  4:32  Pylon  
Show
View Real Time Build Order
Export as new Build Order

cyan Protoss 

Build Orders: 1 Gate Expand 

Get SALT Encoding   

  12  0:00  Probe  
  13  0:12  Probe  
  14  0:19  Pylon  
  14  0:24  Probe  
  15  0:37  Probe (Chrono Boost)  
  15  0:39  Gateway  
  16  0:46  Probe (Chrono Boost)  
  16  0:47  Assimilator  
  17  0:51  Probe  
  18  1:03  Probe  
  19  1:15  Probe  
  20  1:23  Nexus  
  20  1:34  Cybernetics Core  
  20  1:37  Probe  
  21  1:43  Assimilator  
  21  1:49  Probe  
  21  1:52  Pylon  
  22  2:01  Probe  
  22  2:08  Stalker (Chrono Boost)  
  23  2:10  Warp Gate  
  23  2:14  Probe  
  26  2:20  Robotics Facility  
  26  2:26  Probe  
  26  2:29  Stalker (Chrono Boost)  
  29  2:40  Shield Battery  
  29  2:41  Probe  
  30  2:48  Probe  
  30  2:50  Stalker (Chrono Boost)  
  33  3:09  Immortal (Chrono Boost)  
  36  3:13  Stalker  
  38  3:25  Shield Battery  
  36  3:34  Gateway  
  36  3:37  Shield Battery  
  36  3:47  Probe x2  
  36  3:53  Immortal (Chrono Boost)  
  36  3:59  Probe  
  41  4:04  Stalker  
  43  4:24  Warp Prism  
  43  4:29  Pylon  
  45  4:35  Shield Battery  
  43  4:39  Adept  
  39  4:48  Adept  
Tags
 
Matchup
PvP
Player
CyanNice
Replay Pack
December 2023
Spawn Locations
Close Positions
Add a new tag
Caveats
  • Supply blocks, unpowered buildings, or Contaminate may cause inaccurate times.
  • Supply counts are checked every 10 seconds.